 Dungeon Crawl Stone Soup version 0.18-a0-1126-ga2d7f46 (webtiles) character file.

24 namelastname112 the Skirmisher (level 2, 0/27 HPs)
             Began as a Draconian Wanderer on Jan 21, 2016.
             Slain by Sigmund
             ... wielding a +1 scythe of protection
              (1 damage)
             ... on level 2 of the Dungeon.
             The game lasted 00:01:43 (1112 turns).

namelastname112 the Skirmisher (Draconian Wanderer) Turns: 1112, Time: 00:01:43

Health: 0/27       AC:  5    Str: 12    XL:     2   Next: 79%
Magic:  2/2        EV: 11    Int: 13    God:
Gold:   93         SH:  0    Dex: 13    Spells: 0 memorised, 1 level left

rFire  . . .     SeeInvis .     e - +2 short sword (venom)
rCold  . . .     Gourm    .     (armour unavailable)
rNeg   . . .     Faith    .     (no shield)
rPois  .         Spirit   .     (helmet restricted)
rElec  .         Dismiss  .     (no cloak)
rCorr  .         Reflect  .     (no gloves)
SustAt .         Harm     .     j - +0 pair of boots
MR     .....                    (no amulet)
Stlth  ++........               (no ring)
                                l - +2 ring of dexterity

@: hasted, very quick, not resistant to hostile enchantments, unstealthy
A: unfitting armour, cold-blooded, AC +4
a: no special abilities


You were on level 2 of the Dungeon.
You were hungry.

You visited 1 branch of the dungeon, and saw 2 of its levels.

You collected 93 gold pieces.

Inventory:

Hand Weapons
 a - a +2 quarterstaff
 e - a +2 short sword of venom (weapon)
Armour
 j - a +0 pair of boots (worn)
Jewellery
 l - a +2 ring of dexterity (left hand)
Scrolls
 b - 2 scrolls of teleportation
 c - a scroll of amnesia {unknown}
 g - a scroll of remove curse {unknown}
 i - a scroll of identify {unknown}
 k - a scroll of magic mapping {unknown}
Potions
 h - a potion of cure mutation {unknown}
 m - 2 potions of heal wounds {unknown}
 n - a potion of flight {unknown}
Comestibles
 f - 3 bread rations


   Skills:
 + Level 4.2 Fighting
   Level 1.0 Long Blades
 - Level 3.3 Staves
 - Level 1.7 Stealth
   Level 1.0 Shields


You had one spell level left.
You didn't know any spells.

Dungeon Overview and Level Annotations

Branches:
Dungeon (2/15)

Altars:
The Shining One

Annotations:
D:2 Sigmund


Innate Abilities, Weirdness & Mutations

Your plain brown scales are hard (AC +4).
Your body does not fit into most forms of armour.
You are cold-blooded and may be slowed by cold attacks.


Message History

You see here a dagger.
You enter a teleport trap!
The teleport trap disappears.
Your surroundings suddenly seem different.
Sigmund the Dreaded comes into view.
He is wielding a scythe of protection.
Sigmund is nearby!
Sigmund is nearby!
A goblin comes into view.
Sigmund shouts!
The goblin shouts!
Sigmund hits you with a scythe of protection.
You barely miss Sigmund.
Your tail-slap misses Sigmund.
Sigmund hits you with a scythe of protection!
You closely miss Sigmund. You barely miss Sigmund.
Sigmund hits you with a scythe of protection!
* * * LOW HITPOINT WARNING * * *
You are too injured to fight recklessly!
Drink which item? (? for menu, Esc to quit)
It was a potion of haste.
You feel yourself speed up.
Sigmund hits you with a scythe of protection.
You die...

#####
...#####
###...#...#
......# #.#
##.####...#
#.##
.....g@@..#
#..#######
...#####..#
#....)....
#.#.#
#.########.
#.##.... ##
... ....
#.#..#..#
#.#.....#
..#..# .# #


You could see Sigmund and a goblin.

Vanquished Creatures
  A giant cockroach (D:1)
  2 hobgoblins (D:1)
  2 jackals (D:1)
  5 kobolds (D:1)
  A ball python (D:2)
  3 bats
  A giant newt (D:2)
  3 goblins
  6 rats
24 creatures vanquished.

Notes
Turn   | Place    | Note
--------------------------------------------------------------
     0 | D:1      | namelastname112 the Draconian Wanderer began the quest for the Orb.
     0 | D:1      | namelastname112 set off with: a +2 quarterstaff, a scroll of teleportation, a +0 shield, a +0 dagger, a bread ration
     0 | D:1      | Reached XP level 1. HP: 19/19 MP: 1/1
   250 | D:1      | Reached XP level 2. HP: 8/26 MP: 2/2
   873 | D:1      | Found a glowing golden altar of the Shining One.
   902 | D:1      | Reached skill level 4 in Fighting
  1107 | D:2      | Noticed Sigmund
  1111 | D:2      | HP: 1/27 [Sigmund/scythe of protection (10)]
  1112 | D:2      | Slain by Sigmund

Vault maps used:
D:1:      dpeg_arrival_sounds_slurp, tso_metal_star
D:2:      lemuel_crystal_altar, old_standard_altar,
          nicolae_overflow_crystal_walls, xom_redecorated, uniq_sigmund

Action                   || total
-------------------------++-------
Melee: Quarterstaff      ||     9
       Short sword       ||    38
  Use: Potion            ||     1
 Stab: Sleeping          ||     4
